 Dungeon Crawl Stone Soup version 0.21.1-1-g345015fe64 (webtiles) character file.

167 Faustar the Insei (level 5, -3/33 HPs)
             Began as an Octopode Transmuter on Feb 14, 2018.
             Slain by an ogre
             ... wielding a +0 giant spiked club
              (23 damage)
             ... on level 4 of the Dungeon.
             The game lasted 00:02:47 (2865 turns).

Faustar the Insei (Octopode Transmuter)             Turns: 2865, Time: 00:02:48

Health: -3/33      AC:  2    Str: 10    XL:     5   Next: 48%
Magic:  4/8        EV: 20    Int: 15    God:
Gold:   170        SH:  0    Dex: 18    Spells: 4/8 levels left

rFire    . . .     SeeInvis .     - Unarmed
rCold    . . .     Gourm    .   (shield currently unavailable)
rNeg     . . .     Faith    .   (helmet currently unavailable)
rPois    x         Spirit   .   (no amulet)
rElec    .         Reflect  .   (no ring)
rCorr    .         Harm     .   (no ring)
MR       .....                  (no ring)
Stlth    ++........             (no ring)
HPRegen  0.11/turn              (no ring)
MPRegen  0.11/turn              (no ring)
                                (no ring)
                                (no ring)

@: spider-form
A: tiny, almost no armour, stealthy swim, (amphibious), 8 rings, (constrict 8)
a: End Transformation


You were on level 4 of the Dungeon.
You were very hungry.
You were a venomous arachnid creature.
You visited 1 branch of the dungeon, and saw 4 of its levels.

You collected 170 gold pieces.

Inventory:

Missiles
 a - 44 arrows
Scrolls
 d - 2 scrolls of magic mapping {unknown}
 e - a scroll of noise {unknown}
 g - a scroll of enchant weapon {unknown}
 h - a scroll of random uselessness {unknown}
 j - 3 scrolls of identify {unknown}
 l - a scroll of remove curse {unknown}
 n - a scroll of enchant armour {unknown}
 o - 2 scrolls of blinking {unknown}
Potions
 f - a potion of curing {unknown}
 i - 2 potions of resistance
 k - a potion of lignification {unknown}
 m - a potion of mutation {unknown}
 p - a potion of haste {unknown}
Books
 b - a book of Changes

   Spells                             Type                      Level
   a - Beastly Appendage              Transmutation                1
   b - Sticks to Snakes               Transmutation                2
   c - Spider Form                    Transmutation/Poison         3
   d - Ice Form                       Ice/Transmutation            4
   e - Blade Hands                    Transmutation                5
Comestibles
 c - 10 rations


   Skills:
 - Level 1.0 Fighting
 - Level 2.0 Dodging
 - Level 5.3 Unarmed Combat
 - Level 2.0 Spellcasting
 - Level 2.0 Transmutations
 + Level 2.8 Poison Magic


You had 4 spell levels left.
You knew the following spells:

 Your Spells              Type           Power        Failure   Level  Hunger
a - Beastly Appendage     Tmut           #.....       24%         1    #......
b - Spider Form           Tmut/Pois      #.........   45%         3    ###....


Dungeon Overview and Level Annotations

Branches:
Dungeon (4/15)
 Temple: D:4-7

Altars:
Fedhas
Gozag
Nemelex Xobeh
Okawaru
Sif Muna

Annotations:
D:4 2 transporters


Innate Abilities, Weirdness & Mutations

You cannot wear most types of armour.
You are very stealthy in the water. (Stealth+)
((You are amphibious.))
You can wear up to eight rings at the same time.
((You can use your tentacles to constrict eight enemies at once.))
((Your skin changes colour to match your surroundings (Stealth+).))
((Your rubbery body absorbs attacks. (AC +1, EV +1)))


Message History

You start resting.
Your tentacle spike disappears.
You start resting.
An ogre is nearby!
The ogre shouts!
You aren't carrying any items that you can evoke.
Unknown command.
Unknown command.
Casting: Beastly Appendage
Confirm with . or Enter, or press ? or * to list all spells.
One of your tentacles grows a vicious spike.
Casting: Beastly Appendage
Confirm with . or Enter, or press ? or * to list all spells.
Your tentacle spike disappears.
You turn into a venomous arachnid creature.
You bite the ogre!
The ogre is poisoned.
The ogre is moderately wounded.
The ogre hits you with a giant spiked club!!
Ouch! That really hurt!
You die...

#.###..#[$.§Y+.#.#§.#...#
##.##..©#©(.§§+..!©§§#©..#
#.......#[$..§+.#.#§§#O.##
#.###..##Y.§.§#§§§§§.#..#
#.# #...#§.§§§ .§§§..#.##
#<###..##§§§.. #######.#
#......####### #.#
##..##.##.############.#
#.....##.sO...........#
#.#.################..#
#.... #..>$.. ###.##
#....... .# #..###.# ..
#..# .# .... # ##..# #..


You could see an ogre.

Vanquished Creatures
  2 hounds (D:4)
  A hound skeleton (D:4)
  3 adders (D:2)
  An ooze (D:4)
  3 dart slugs
  A ball python (D:3)
  9 bats
  5 giant cockroaches
  4 goblins
  4 hobgoblins
  5 jackals
  6 kobolds
  3 quokkas
  2 frilled lizards (D:1)
  4 rats
53 creatures vanquished.

Notes
Turn   | Place    | Note
-------+----------+-------------------------------------------
     0 | D:1      | Faustar the Octopode Transmuter began the quest for the Orb.
     0 | D:1      | Reached XP level 1. HP: 13/13 MP: 3/3
    62 | D:1      | Reached XP level 2. HP: 18/18 MP: 5/5
   468 | D:1      | Reached skill level 4 in Unarmed Combat
   486 | D:1      | Reached XP level 3. HP: 23/23 MP: 6/6
  1091 | D:2      | Found a blossoming altar of Fedhas.
  1210 | D:2      | Found an opulent altar of Gozag.
  1262 | D:2      | Reached XP level 4. HP: 21/28 MP: 5/7
  1763 | D:2      | Reached skill level 5 in Unarmed Combat
  1765 | D:2      | Found an iron altar of Okawaru.
  1991 | D:2      | Found a deep blue altar of Sif Muna.
  2682 | D:4      | Noticed an ogre
  2721 | D:4      | Noticed an ice beast
  2722 | D:4      | Found a transporter.
  2725 | D:4      | Noticed an ice beast
  2734 | D:4      | Found a sparkling altar of Nemelex Xobeh.
  2753 | D:4      | Found a transporter.
  2773 | D:4      | Learned a level 3 spell: Spider Form
  2790 | D:4      | Reached skill level 1 in Poison Magic
  2790 | D:4      | Reached XP level 5. HP: 17/33 MP: 8/8
  2865 | D:4      | Slain by an ogre

Skill      XL: |  1  2  3  4  5 |
---------------+----------------+-----
Unarmed Combat | 4 5 |  5.3
Poison Magic   | 1 2 |  2.8
Fighting       | |  1.0
Dodging        | |  2.0
Spellcasting   | |  2.0
Transmutations | |  2.0

Action                   |  1- 3 |  4- 6 || total
-------------------------+-------+-------++-------
Melee: Unarmed           |    81 |    51 ||   132
       Constrict         |    24 |    13 ||    37
       Tentacles         |    10 |     9 ||    19
       Kick              |     1 |     1 ||     2
       Punch             |       |     1 ||     1
 Cast: Beastly Appendage |     4 |     4 ||     8
       Spider Form       |       |     1 ||     1
 Stab: Sleeping          |     4 |     5 ||     9
  Eat: Chunk             |     1 |     4 ||     5
Armor: Skin              |     6 |     3 ||     9
Dodge: Dodged            |    58 |    35 ||    93
